 Dungeon Crawl Stone Soup version 0.27.1-1-g398f81649c (webtiles) character file.

Game seed: 14189901684031876995

70 nxtlvl the Chopper (level 4, 0/38 HPs)
             Began as a Draconian Berserker on Sept 8, 2021.
             Was a Believer of Trog.
             Slain by an ufetubus (2 damage)
             ... on level 4 of the Dungeon.
             The game lasted 00:03:46 (375 turns).

nxtlvl the Chopper (Draconian Berserker)             Turns: 375, Time: 00:03:46

Health: 0/38       AC:  5    Str: 19    XL:     4   Next: 4%
Magic:  4/4        EV: 12    Int:  8    God:    Trog [**....]
Gold:   67         SH:  0    Dex: 11    Spells: 3/3 levels left

rFire    . . .     SeeInvis .   a - +0 hand axe
rCold    . . .     Faith    .   (no shield)
rNeg     . . .     Spirit   .   (armour unavailable)
rPois    .         Reflect  .   (helmet restricted)
rElec    .         Harm     .   (no cloak)
rCorr    .         Rampage  .   (no gloves)
Will     .....                  (no boots)
Stlth    +.........             (no amulet)
HPRegen  0.12/turn              (no ring)
MPRegen  0.09/turn              (no ring)

@: on berserk cooldown
A: AC +5, unfitting armour, cold-blooded
a: Renounce Religion, Berserk, Trog's Hand


You were on level 4 of the Dungeon.
You worshipped Trog.
Trog was pleased with you.
You visited 1 branch of the dungeon, and saw 4 of its levels.

You collected 67 gold pieces.

Inventory:

Hand Weapons
 a - a +0 hand axe (weapon)
Missiles
 d - 14 bolts
Scrolls
 c - a scroll of enchant armour {unknown}
 e - a scroll of fear {unknown}
 f - a scroll of fog {unknown}
Potions
 b - 2 potions of degeneration {unknown}


   Skills:
 - Level 3.2 Fighting
 * Level 4.9 Axes
 - Level 2.6 Dodging


You had 3 spell levels left.
You didn't know any spells.
Your spell library contained the following spells:

 Spells                   Type           Power      Damage    Failure   Level
 Blink                    Tloc           N/A        N/A       54%         2
 Lesser Beckoning         Tloc           0%         N/A       78%         3
 Manifold Assault         Tloc           0%         N/A       100%        5
 Storm Form               Tmut/Air       0%         N/A       100%        7


Dungeon Overview and Level Annotations

Branches:
Dungeon (4/15)
 Temple: D:4-7

Altars:

Shops:
D:2 *


Innate Abilities, Weirdness & Mutations

Your plain brown scales are hard. (AC +5)
You cannot fit into any form of body armour.
You are cold-blooded and may be slowed by cold attacks.


Message History

The ufetubus hits you but does no damage. x3
You miss the ufetubus.
Your tail-slap misses the ufetubus.
The ufetubus is lightly wounded.
You feel yourself speed up. The ufetubus closely misses you.
The ufetubus misses you. The ufetubus barely misses you.
The ufetubus closely misses you. The ufetubus misses you.
The ufetubus hits you but does no damage.
You hit the ufetubus but do no damage.
The ufetubus is lightly wounded.
The ufetubus closely misses you.
The ufetubus hits you but does no damage.
You hit the ufetubus but do no damage.
Your tail-slap misses the ufetubus.
The ufetubus is lightly wounded.
The ufetubus hits you.
* * * LOW HITPOINT WARNING * * *
The ufetubus hits you.
* * * LOW HITPOINT WARNING * * *
The ufetubus hits you but does no damage. x2
You closely miss the ufetubus.
The ufetubus is lightly wounded.
The ufetubus closely misses you.
The ufetubus hits you but does no damage.
The ufetubus barely misses you. x2
You barely miss the ufetubus.
The ufetubus is lightly wounded.
The ufetubus closely misses you. The ufetubus hits you.
* * * LOW HITPOINT WARNING * * *
You hit the ufetubus.
The ufetubus is moderately wounded.
The ufetubus barely misses you.
The ufetubus hits you but does no damage.
The ufetubus hits you.
* * * LOW HITPOINT WARNING * * *
The ufetubus hits you but does no damage.
You barely miss the ufetubus.
Your tail-slap misses the ufetubus.
The ufetubus is moderately wounded.
The ufetubus hits you but does no damage.
The ufetubus hits you.
You die...

.. ..# .... .....
####
#...####..####
.#............####
#................#
#........5@...)<#
##..#.##...##..).#
# ## ##..##...##
######.## ###


You could see an ufetubus.

Vanquished Creatures
  Natasha (D:3)
  An adder (D:2)
  2 dart slugs
  A ball python (D:2)
  5 endoplasms
  2 giant cockroaches (D:2)
  2 jackals (D:2)
  A kobold (D:2)
  3 quokkas
  3 bats (D:2)
  2 frilled lizards (D:2)
  4 goblins
  2 rats
29 creatures vanquished.

Notes
Turn   | Place    | Note
-------+----------+-------------------------------------------
     0 | D:1      | nxtlvl the Draconian Berserker began the quest for the Orb.
     0 | D:1      | Reached XP level 1. HP: 19/19 MP: 1/1
    55 | D:2      | Reached XP level 2. HP: 26/26 MP: 2/2
   103 | D:3      | Noticed Natasha
   141 | D:2      | Found Xiudizxeugh's Assorted Antiques.
   174 | D:2      | Reached skill level 4 in Axes
   183 | D:2      | Reached ** piety under Trog
   223 | D:2      | Reached XP level 3. HP: 8/31 MP: 3/3
   333 | D:3      | Killed Natasha
   334 | D:3      | Reached XP level 4. HP: 13/38 MP: 4/4
   374 | D:4      | HP: 1/38 [ufetubus (2)]
   375 | D:4      | Slain by an ufetubus

Illustrated notes

Levels and vault maps discovered:
D:1:      elethiomel_arrival_shortcut, layout_loops_ring,
          shapermc_ecumenical_altar_starsandcircs
D:2:      layout_rooms, serial_shops, shop
D:3:      layout_rooms, grunt_qazlal_sundering, okawaru_altar_gauntlet_db,
          uniq_crazy_yiuf_cottage, uniq_natasha
D:4:      minmay_chambers_of_twos, layout_cave_pools, uniq_grinder, uniq_edmund,
          uniq_menkaure

Skill      XL: |  1  2 |
---------------+-------+-----
Axes           | 4 |  4.9
Fighting       | |  3.2
Dodging        | |  2.6

Action                   |  1- 3 |  4- 6 || total
-------------------------+-------+-------++-------
Melee: Hand axe          |    62 |    11 ||    73
       Tailslap          |     3 |     1 ||     4
Invok: Berserk           |     4 |       ||     4
Armor: Skin              |    21 |    14 ||    35
Dodge: Dodged            |    40 |    17 ||    57
